 Dungeon Crawl Stone Soup version 0.30-a0-475-g03497ec522 (webtiles) character file.

Game seed: 13571834830431779901

21 cforsyth the Chiller (level 2, -2/19 HPs)
             Began as a Merfolk Ice Elementalist on Dec 20, 2022.
             Slain by a worm (11 damage)
             ... on level 2 of the Dungeon.
             The game lasted 00:01:48 (1372 turns).

cforsyth the Chiller (Merfolk Ice Elementalist)     Turns: 1372, Time: 00:01:49

Health: -2/19      AC:  2    Str:  8    XL:     2   Next: 87%
Magic:  0/5        EV: 13    Int: 14    God:
Gold:   61         SH:  0    Dex: 14    Spells: 4/5 levels left

rFire   . . .      SeeInvis .    (no weapon)
rCold   . . .      Faith    .    (no shield)
rNeg    . . .      Spirit   .    a - +0 robe
rPois   .          Reflect  .    (no helmet)
rElec   .          Harm     .    (no cloak)
rCorr   .          Rampage  .    (no gloves)
Will    .....                    (no boots)
Stlth   ++........               (no amulet)
HPRegen 0.23/turn                (no ring)
MPRegen 0.09/turn                (no ring)

@: no status effects
A: (nimble swimmer 2), mertail
a: no special abilities


You were on level 2 of the Dungeon.
You visited 1 branch of the dungeon, and saw 2 of its levels.

You collected 61 gold pieces.

Inventory:

Armour
 a - a +0 robe (worn)
Scrolls
 d - a scroll of blinking {unknown}
 g - 2 scrolls of noise {unknown}
 h - 2 scrolls of identify {unknown}
 k - a scroll of amnesia {unknown}
 m - a scroll of teleportation {unknown}
 n - a scroll of poison {unknown}
Potions
 b - a potion of magic
 c - a potion of cancellation {unknown}
 e - 2 potions of haste {unknown}
 f - a potion of lignification {unknown}
 i - 2 potions of curing {unknown}
 j - a potion of flight {unknown}
 l - a potion of attraction {unknown}


   Skills:
 + Level 3.3 Dodging
 - Level 2.1 Stealth
 + Level 2.4 Spellcasting
 + Level 4.7 Ice Magic


You had 4 spell levels left.
You knew the following spells:

 Your Spells              Type           Power      Damage    Failure   Level
a - Freeze                Ice            56%        1d7       3%          1

Your spell library contained the following spells:

 Spells                   Type           Power      Damage    Failure   Level
 Frozen Ramparts          Ice            28%        1d5       10%         3
 Ozocubu's Armour         Ice            14%        N/A       10%         3
 Summon Ice Beast         Ice/Summ       8%         N/A       65%         4


Dungeon Overview and Level Annotations

Branches:
Dungeon (2/15)

Altars:

Shops:
D:1 (


Innate Abilities, Weirdness & Mutations

((You are very nimble when in or above water. (Stealth+, EV+, Speed+++)))
Your lower body shifts to a powerful aquatic tail in water.


Message History

You freeze the worm.
The worm is heavily wounded.
The worm barely misses you.
You freeze the worm.
The worm is severely wounded.
The worm closely misses you.
You freeze the worm.
The worm is severely wounded.
You freeze the worm.
The worm is almost dead.
The worm barely misses you.
Things that are here:
a +0 short sword; a kobold corpse You can't see any susceptible monsters within range! (Use Z to cast anyway.)
You freeze the worm.
The worm is heavily wounded.
The worm closely misses you.
You hit the worm but do no damage.
The worm is heavily wounded.
You hit the worm but do no damage.
The worm is heavily wounded.
The worm bites you!
Ouch! That really hurt!
You hit the worm but do no damage.
The worm is heavily wounded.
You barely miss the worm.
The worm is heavily wounded.
The worm bites you.
You are too injured to fight recklessly!
Unknown command.
Casting: Freeze (safe; 3% risk of failure)
Confirm with . or Enter, or press ? or * to list all spells.
Aiming: Freeze (safe; 3% risk of failure)
Press: ? - help, Shift-Dir - straight line, f/p - worm
Aim: a worm (moderately wounded)
You freeze the worm!
The worm is severely wounded.
The worm bites you!
Ouch! That really hurt!
You die...

.P..PP##...## #.##.......#
##.# .PP.PP###'##
#.###.##.#.# #.# PP....#
#.# #.# #.##.#.# #.#
.....P# #.# #.###.##.#.#
#.# .PP..#.##.##
#..........# #.#
.P...###...#########.######
#.# .P...##..........###.#
.PP##.##...#####..##.#
P..######..#####@.##.#
###..........##.w....#
#######...##†.######
#.###....## #.##..##..##
###.)##.w..## #..##..##..##
#..##....##..#
#..##..##..##..#


You could see a worm.

Vanquished Creatures
  A dart slug (D:2)
  An endoplasm (D:2)
  A giant cockroach (D:1)
  2 goblins
  4 hobgoblins
  A quokka (D:2)
  A bat (D:2)
  3 kobolds
  4 rats
18 creatures vanquished.

Notes
Turn   | Place    | Note
-------+----------+-------------------------------------------
     0 | D:1      | cforsyth the Merfolk Ice Elementalist began the quest for
                  | the Orb.
     0 | D:1      | Reached XP level 1. HP: 13/13 MP: 3/3
   240 | D:1      | Found Ymowios's Weapon Boutique.
   610 | D:1      | Reached XP level 2. HP: 17/19 MP: 3/5
  1113 | D:2      | Found a faded altar of an unknown god.
  1372 | D:2      | Slain by a worm

Illustrated notes

Levels and vault maps discovered:
D:1:      dreamdust_arrival_sigmund_warning, layout_basic, serial_shops,
          nicolae_shop_trees
D:2:      minmay_alternating_diamond, layout_loops_corners,
          shapermc_ecumenical_altar_gd, uniq_robin

Skill      XL: |  1 |
---------------+----+-----
Dodging        | 3 |  3.3
Stealth        | |  2.1
Spellcasting   | |  2.4
Ice Magic      | |  4.7

Action                   || total
-------------------------++-------
Melee: Unarmed           ||    19
 Cast: Freeze            ||    33
Armor: Robe              ||     1
Dodge: Dodged            ||    22

Table legend: (Time is in decaauts)
 A = Elapsed time spent in this place.
 B = Non-inter-level travel time spent in this place.
 C = Inter-level travel time spent in this place.
 D = Time resting spent in this place.
 E = Time spent auto-exploring this place.
 F = Levels seen in this place.
 G = Mean time per level.
                   A        B        C        D        E       F      G
               +--------+--------+--------+--------+--------+-----+--------+
         Total |   1371 |   1340 |     31 |     54 |   1124 |   2 |  685.5 |
       Dungeon |   1371 |   1340 |     31 |     54 |   1124 |   2 |  685.5 |
               +--------+--------+--------+--------+--------+-----+--------+

Top non-repeatable levels by time:
     D:1: 817 daAuts
     D:2: 554 daAuts
